 Dungeon Crawl Stone Soup version 0.25-a0-730-g633e9c3c14 (webtiles) character file.

Game seed: 2917238341248154079, levelgen mode: deterministic

8755 vurker the Zephyrmancer (level 11, 52/52 HPs)
             Began as a Felid Air Elementalist on Apr 7, 2020.
             Was a High Priest of Vehumet.
             Quit the game on level 4 of the Lair of Beasts.
             The game lasted 00:33:01 (23446 turns).

vurker the Zephyrmancer (Felid Air Elementalist)   Turns: 23446, Time: 00:33:01

Health: 52/52      AC:  3    Str:  8    XL:     11   Next: 14%
Magic:  36/36      EV: 23    Int: 20    God:    Vehumet [*****.]
Gold:   771        SH:  0    Dex: 18    Spells: 9/32 levels left
                                        Lives:  0   Deaths: 2

rFire    . . .     SeeInvis +   (weapon unavailable)
rCold    + . .     Gourm    .   (shield unavailable)
rNeg     . . .     Faith    .   (armour unavailable)
rPois    +         Spirit   .   (helmet unavailable)
rElec    .         Reflect  .   (cloak unavailable)
rCorr    .         Harm     .   (gloves unavailable)
MR       ++...                  (boots unavailable)
Stlth    +++++.....             y - amulet of the Gloaming {RegenMP MR+ MP+9 Str+4}
HPRegen  0.17/turn              c - ring of stealth
MPRegen  0.50/turn              n - ring of poison resistance

@: quick
A: very small, no armour, no weapons or thrown items, stealth, claws 1, fangs 3,
see invisible, carnivore, speed 1, shaggy fur 3, slow metabolism 1, sharp paws
a: Renounce Religion


You were on level 4 of the Lair of Beasts.
You worshipped Vehumet.
Vehumet was extremely pleased with you.
You were completely stuffed.

You visited 3 branches of the dungeon, and saw 16 of its levels.
You also visited: Ossuary.

You collected 804 gold pieces.
You spent 33 gold pieces at shops.

Inventory:

Jewellery
 c - a ring of stealth (left paw)
   (You found it on level 1 of the Dungeon)
 n - a ring of poison resistance (right paw)
   (You found it on level 3 of the Dungeon)
 s - an uncursed ring of positive energy
   (You found it on level 3 of the Lair of Beasts)
 y - the amulet of the Gloaming (around neck) {RegenMP MR+ MP+9 Str+4}
   (You found it on level 8 of the Dungeon)

   [amulet of magic regeneration]

   It increases your magic regeneration.
   It affects your strength (+4).
   It affects your resistance to hostile enchantments.
   It affects your magic capacity (+9).
Wands
 d - a wand of iceblast (16)
   (You found it on level 10 of the Dungeon)
 t - a wand of flame (9)
   (You found it on level 11 of the Dungeon)
 u - a wand of paralysis (6)
   (You found it on level 1 of the Lair of Beasts)
 v - a wand of digging (5)
   (You found it on level 4 of the Dungeon)
 x - a wand of acid (19)
   (You found it on level 9 of the Dungeon)
 B - a wand of polymorph (11)
   (You found it on level 9 of the Dungeon)
Scrolls
 a - 6 scrolls of enchant armour {unknown}
 f - 4 scrolls of teleportation {unknown}
 i - a scroll of noise {unknown}
 k - 10 scrolls of remove curse
 p - 5 scrolls of fear {unknown}
 q - a scroll of amnesia {unknown}
 r - 3 scrolls of enchant weapon {unknown}
 w - a scroll of magic mapping {unknown}
 z - 2 scrolls of summoning {unknown}
 A - 2 scrolls of blinking {unknown}
 D - a scroll of holy word {unknown}
 F - 3 scrolls of fog {unknown}
 G - a scroll of identify
Potions
 b - 2 potions of haste
 g - 2 potions of magic
 h - 3 potions of ambrosia
 j - a potion of mutation
 l - 2 potions of heal wounds
 m - 3 potions of curing
 o - a potion of resistance
 C - a potion of flight
 E - a potion of berserk rage {unknown}
 I - a potion of brilliance {unknown}
Comestibles
 e - 20 rations


   Skills:
 + Level 8.7 Fighting
 + Level 7.0 Dodging
 + Level 7.5 Stealth
 * Level 11.3 Spellcasting
 - Level 8.0 Conjurations
 * Level 11.4 Air Magic


You had 9 spell levels left.
You knew the following spells:

 Your Spells              Type           Power        Failure   Level  Hunger
a - Shock                 Conj/Air       ####         1%          1    None
b - Lightning Bolt        Conj/Air       ######....   1%          5    ####...
c - Airstrike             Air            ######....   1%          4    ##.....
q - Irradiate             Conj/Tmut      ####......   9%          5    ####...
w - Blink                 Tloc           N/A          9%          2    None
z - Conjure Ball Lightni  Conj/Air       ######....   4%          6    ######.

Your spell library contained the following spells:

 Spells                   Type           Power        Failure   Level  Hunger
 Hailstorm                Conj/Ice       ####....     3%          4    ##.....
 Foxfire                  Conj/Fire      ####         1%          1    None
 Magic Dart               Conj           ####         1%          1    None
 Sandblast                Erth           ##....       1%          1    None
 Searing Ray              Conj           #####.       1%          2    None
 Swiftness                Chrm/Air       ####....     1%          2    None
 Conjure Flame            Conj/Fire      ####....     1%          3    None
 Dazzling Flash           Conj/Hex       ####..       1%          3    None
 Mephitic Cloud           Conj/Pois/Air  #####...     1%          3    None
 Static Discharge         Conj/Air       ######..     1%          3    None
 Stone Arrow              Conj/Erth      ####..       1%          3    None
 Fulminant Prism          Conj/Hex       ####......   3%          4    ##.....
 Iskenderun's Mystic Bla  Conj/Tloc      ####....     3%          4    ##.....
 Sticky Flame             Conj/Fire      ####....     3%          4    ##.....
 Inner Flame              Hex/Fire       ##......     5%          3    None
 Summon Lightning Spire   Summ/Air       ####....     5%          4    ##.....
 Corona                   Hex            ##.....      6%          1    None
 Summon Small Mammal      Summ           ##..         6%          1    None
 Call Imp                 Summ           ##......     9%          2    None
 Passwall                 Tmut/Erth      ##......     9%          2    None
 Slow                     Hex            ##......     9%          2    None
 Fireball                 Conj/Fire      ####......   9%          5    ####...
 Call Canine Familiar     Summ           ##......     19%         3    None
 Summon Guardian Golem    Hex/Summ       ##......     19%         3    None
 Lee's Rapid Deconstruct  Erth           ##........   38%         5    ####...
 Cause Fear               Hex            ##........   52%         4    ##.....
 Leda's Liquefaction      Hex/Erth       ##........   52%         4    ##.....
 Petrify                  Tmut/Erth      ##......     52%         4    ##.....
 Summon Ice Beast         Ice/Summ       ##......     52%         4    ##.....
 Portal Projectile        Hex/Tloc       Unusable     N/A         3    N/A

Dungeon Overview and Level Annotations

Branches:
Dungeon (11/15)            Temple (1/1) D:5            Lair (4/6) D:9
 Shoals (0/4) Lair:3       Spider (0/4) Lair:4      Ossuary (visited)
    Orc: D:9-12

Altars:
Ashenzari
Cheibriados
Dithmenos
Elyvilon
Fedhas
Gozag
Hepliaklqana
Kikubaaqudgha
Makhleb
Nemelex Xobeh
Okawaru
Qazlal
Ru
Sif Muna
Trog
Uskayaw
Vehumet
Wu Jian
Xom
Yredelemnul
Zin
The Shining One
Lugonu

Shops:
D:4 (   D:5 !%[(


Innate Abilities, Weirdness & Mutations

You cannot wear armour.
You are incapable of wielding weapons or throwing items.
Your paws allow you to move quietly. (Stealth)
You have sharp claws.
You have razor-sharp teeth.
You have supernaturally acute eyesight. (SInv)
You are carnivorous and can eat meat at any time.
You cover ground quickly.
Your thick and shaggy fur keeps you warm. (AC +3, rC+)
You have a slow metabolism.
Your sharp claws are effective at attacking unaware monsters.


Message History

Eating one of 7 chunks of flesh.
You eat one of the 7 chunks of flesh.
This raw flesh tastes great.
Eating one of 6 chunks of flesh.
You eat one of the 6 chunks of flesh.
This raw flesh tastes great.
Eating one of 5 chunks of flesh.
You eat one of the 5 chunks of flesh.
This raw flesh tastes great.
Eating one of 4 chunks of flesh.
You eat one of the 4 chunks of flesh.
This raw flesh tastes great.
You butcher the yak corpse.
H - 5 chunks of flesh (gained 2)
You see here a yak skeleton. x2
You see here a yak skeleton.
Found 21 stones.
Found a glowing red potion.
I - a glowing red potion Your magical contamination has completely faded away.
You see here a basilisk skeleton.
Key pressed, stopping explore.
Eating one of 5 chunks of flesh.
You eat one of the 5 chunks of flesh.
This raw flesh tastes great.
Found a quarterstaff.
Found a chain mail.
Found a scroll of remove curse.
k - 10 scrolls of remove curse (gained 1) All of the chunks of flesh in your inventory have rotted away.
The wolf spider is too close now for your liking.
A wolf spider is nearby!
A wolf spider is nearby!
A wolf spider is nearby!
A wolf spider is nearby!
Aim: a wolf spider (hasn't noticed you)
The air twists around and strikes the wolf spider!
The wolf spider hisses angrily.
Aim: a wolf spider (moderately wounded)
The air twists around and strikes the wolf spider!
Aim: a wolf spider (severely wounded)
The air twists around and strikes the wolf spider!
Aim: a wolf spider (almost dead)
The air twists around and strikes the wolf spider!
You kill the wolf spider!
Vehumet accepts your kill.
You feel your power returning.
Your Dodging skill increases to level 7!
You see here a wolf spider corpse.
A wolf spider and a redback come into view.
The wolf spider hisses angrily.
Found 12 gold pieces.
Found a hole to the Spider Nest.
There are monsters nearby!
There are monsters nearby!
There are monsters nearby!

.......# ##.....(..............
.......# >..##.#.#.#...P..#P...##
.......# ...^##..##..#.P.##...##.
.......# ..s^.#..................
#......###.^^s###.##.......#..#.#
#...#.#..#^^.^$ ##.#.......###...
.........###^..##................
...###.....##^..###............##
............##..@.†..............
.........#...#....##...####..#...
PP.†...#.##.......##....##....P.#
P.............................<..
.#........#.##........#..P...#...
.................................
.......P..#...........P..##..#.P.
.................................
#......P.#.###...................


You could see a wolf spider and a redback (wandering).

Vanquished Creatures
  4 hydras
  2 two-headed ogres
  2 wolf spiders (Lair:4)
  A black mamba (Lair:2)
  6 spiny frogs
  3 komodo dragons
  A troll (D:11)
  Grinder (D:5)
  8 hippogriffs
  Sigmund (D:2)
  A vampire (D:10)
  3 wyverns
  38 yaks
  Grum (D:10)
  A basilisk (Lair:4)
  2 hungry ghosts
  5 water moccasins
  7 porcupines
  4 ice beasts
  2 black bears
  7 ogres
  9 orc warriors
  An eye of draining (D:10)
  2 sky beasts
  3 phantoms
  7 wolves
  A necrophage (D:9)
  6 centaurs
  10 crocodiles
  2 big kobolds
  2 gnoll sergeants
  17 bullfrogs
  5 scorpions
  A wyvern skeleton (D:7)
  9 jellies
  9 killer bees (D:9)
  9 wights
  2 howler monkeys
  2 electric eels (Lair:2)
  4 crimson imps
  2 bullfrog zombies
  A centaur skeleton (D:4)
  5 orc priests
  Crazy Yiuf (D:2)
  A bullfrog skeleton (D:11)
  A gnoll shaman (D:6)
  7 hounds
  3 iguanas
  Terence (D:2)
  Jessica (D:3)
  5 hell rats
  17 orc wizards
  12 worker ants
  A big kobold zombie (Ossuary)
  A hound zombie (D:5)
  A hound skeleton (D:11)
  3 mummies (Ossuary)
  A howler monkey skeleton (D:7)
  21 gnolls
  15 adders
  4 shadow imps
  6 oozes
  2 adder zombies
  2 adder skeletons
  A worm (D:4)
  6 leopard geckos
  58 orcs
  8 giant cockroaches
  6 hobgoblins
  15 jackals
  4 quokkas
  3 bats (D:1)
  9 frilled lizards
  12 goblins
  A goblin skeleton (D:8)
  4 hobgoblin zombies
  A jackal skeleton (D:4)
  13 kobolds
  A kobold zombie (D:8)
  2 leopard gecko skeletons
  A leopard gecko zombie (D:5)
  An orc skeleton (D:8)
  An orc zombie (D:8)
  A quokka skeleton (D:8)
  7 rats
  A fungus (Lair:4)
471 creatures vanquished.

Vanquished Creatures (others)
  12 ball lightnings
  26 fungi (D:9)
  19 plants
57 creatures vanquished.

Grand Total: 528 creatures vanquished

Notes
Turn   | Place    | Note
-------+----------+-------------------------------------------
     0 | D:1      | vurker the Felid Air Elementalist began the quest for the
                  | Orb.
     0 | D:1      | Reached XP level 1. HP: 7/7 MP: 4/4
    40 | D:1      | Reached skill level 1 in Conjurations
   420 | D:1      | Reached XP level 2. HP: 12/12 MP: 3/6
  1086 | D:1      | Reached skill level 1 in Fighting
  1249 | D:2      | Reached XP level 3. HP: 15/15 MP: 2/7
  1510 | D:2      | Found a runed translucent door.
  1511 | D:2      | Noticed Crazy Yiuf
  1598 | D:2      | Reached XP level 4. HP: 15/19 MP: 0/9
  1910 | D:2      | Found an ornate altar of the Wu Jian Council.
  2034 | D:2      | Noticed Terence
  2045 | D:2      | Killed Terence
  2045 | D:2      | Reached XP level 5. HP: 22/22 MP: 2/10
  2247 | D:2      | Noticed Sigmund
  2255 | D:2      | Learned a level 5 spell: Lightning Bolt
  2260 | D:2      | Learned a level 4 spell: Airstrike
  2649 | D:2      | Killed Crazy Yiuf
  2805 | D:2      | Killed Sigmund
  2805 | D:2      | Gained mutation: You are covered in thick fur. (AC +2)
                  | [Felid growth]
  2805 | D:2      | Reached XP level 6. HP: 26/26 MP: 6/12
  2962 | D:3      | Noticed Jessica
  2966 | D:3      | Killed Jessica
  3371 | D:3      | Learned a level 2 spell: Blink
  4372 | D:4      | Reached XP level 7. HP: 30/30 MP: 4/14
  4766 | D:4      | Found Fucunn's Weapon Shop.
  5192 | D:4      | Found a burning altar of Makhleb.
  5197 | D:4      | Found a glowing silver altar of Zin.
  5197 | D:4      | Noticed an angel
  5198 | D:4      | Noticed a balrug
  5537 | D:5      | Entered Level 5 of the Dungeon
  5575 | D:5      | Found Estrac's Food Emporium.
  5587 | D:5      | Found a sand-covered staircase.
  5611 | Ossuary  | Entered an ossuary
  5653 | Ossuary  | Reached skill level 5 in Air Magic
  6197 | D:5      | Found Pig Goir's Antique Armour Shoppe.
  6219 | D:5      | Noticed Grinder
  6240 | D:5      | Killed Grinder
  6240 | D:5      | Reached skill level 5 in Spellcasting
  6498 | D:5      | Reached XP level 8. HP: 29/34 MP: 7/16
  6773 | D:5      | Found Qokimel's Distillery.
  6779 | D:5      | Bought a potion of curing for 33 gold pieces
  7248 | D:5      | Found Nuhinir's Antique Weapon Shoppe.
  7291 | D:5      | Found a staircase to the Ecumenical Temple.
  7339 | D:5      | Found an opulent altar of Gozag.
  7629 | Temple   | Entered the Ecumenical Temple
  7741 | D:5      | Found a shattered altar of Ashenzari.
  7748 | D:5      | Found a radiant altar of Vehumet.
  7748 | D:5      | Found a hazy altar of Hepliaklqana.
  7755 | D:5      | Found a stormy altar of Qazlal.
  7758 | D:5      | Became a worshipper of Vehumet
  7761 | D:5      | Found a snail-covered altar of Cheibriados.
  9276 | D:6      | Reached XP level 9. HP: 39/39 MP: 6/19
 10074 | D:6      | Reached * piety under Vehumet
 10074 | D:6      | Offered knowledge of Sandblast by Vehumet.
 10309 | D:6      | Found a shimmering blue altar of Sif Muna.
 10429 | D:7      | Noticed a +0 dagger
 10429 | D:7      | Noticed a +0 dagger
 10430 | D:7      | Found a hide-covered altar of Uskayaw.
 11169 | D:7      | Reached skill level 5 in Fighting
 11596 | D:7      | Reached skill level 5 in Conjurations
 12250 | D:7      | Found a white marble altar of Elyvilon.
 12946 | D:7      | Found a white marble altar of Elyvilon.
 13333 | D:7      | Found a hide-covered altar of Uskayaw.
 13950 | D:7      | Reached XP level 10. HP: 24/45 MP: 9/22
 14140 | D:8      | Found an iron altar of Okawaru.
 14451 | D:8      | Got a steaming graven amulet
 14452 | D:8      | Identified the amulet of the Gloaming {RegenMP MR+ MP+9
                  | Str+4} (You found it on level 8 of the Dungeon)
 14513 | D:8      | Offered knowledge of Foxfire by Vehumet.
 14514 | D:8      | Reached ** piety under Vehumet
 15190 | D:8      | Found a glowing golden altar of the Shining One.
 15252 | D:8      | Offered knowledge of Frozen Ramparts by Vehumet.
 15694 | D:9      | Reached *** piety under Vehumet
 15924 | D:9      | Found a staircase to the Lair.
 15942 | D:9      | Noticed a two-headed ogre
 15996 | D:9      | Killed a two-headed ogre
 16266 | D:9      | Offered knowledge of Sticky Flame by Vehumet.
 16350 | D:9      | Reached XP level 11. HP: 49/49 MP: 20/25
 16960 | D:10     | Entered Level 10 of the Dungeon
 16977 | D:10     | Reached **** piety under Vehumet
 17171 | D:10     | Offered knowledge of Irradiate by Vehumet.
 17171 | D:10     | Noticed Grum
 17200 | D:10     | Killed Grum
 17971 | D:11     | Noticed an eight-headed hydra
 17985 | D:11     | Killed an eight-headed hydra
 17998 | D:10     | Learned a level 5 spell: Irradiate
 18276 | D:11     | Reached ***** piety under Vehumet
 18376 | D:11     | Reached skill level 10 in Air Magic
 18389 | D:11     | Offered knowledge of Conjure Ball Lightning by Vehumet.
 18397 | D:11     | Learned a level 6 spell: Conjure Ball Lightning
 18558 | D:11     | Noticed a five-headed hydra
 18558 | D:11     | Noticed a two-headed ogre
 18566 | D:11     | Killed a two-headed ogre
 18568 | D:11     | Killed a five-headed hydra
 18568 | D:11     | Reached skill level 10 in Spellcasting
 19145 | Lair:1   | Entered Level 1 of the Lair of Beasts
 19616 | Lair:1   | Gained mutation: Your thick and shaggy fur keeps you warm.
                  | (AC +3, rC+) [Felid growth]
 19616 | Lair:1   | Reached XP level 12. HP: 55/55 MP: 27/27
 20031 | Lair:2   | Reached skill level 5 in Stealth
 20270 | Lair:2   | Reached skill level 5 in Dodging
 21437 | Lair:3   | Found a staircase to the Shoals.
 21794 | Lair:3   | Noticed a seven-headed hydra
 21817 | Lair:3   | Killed a seven-headed hydra
 22844 | Lair:4   | HP: 1/56 [wolf spider (9)]
 22845 | Lair:4   | Slain by a wolf spider
 22846 | Lair:4   | Reached XP level 11. HP: -2/52 MP: 20/36
 22998 | Lair:4   | Killed a wolf spider
 23047 | Lair:4   | Noticed an eight-headed hydra
 23126 | Lair:4   | Killed by an exploding ball lightning
 23126 | Lair:4   | Killed an eight-headed hydra
 23126 | Lair:4   | Reached XP level 12. HP: 1/56 MP: 28/28
 23127 | Lair:4   | Reached XP level 11. HP: 1/52 MP: 29/36
 23129 | Lair:4   | Offered knowledge of Hailstorm by Vehumet.
 23420 | Lair:4   | Killed a wolf spider
 23445 | Lair:4   | Found a hole to the Spider Nest.
 23445 | Lair:4   | Noticed a wolf spider
 23446 | Lair:4   | Quit the game

Levels and vault maps discovered:
D:1:      dpeg_arrival_radiant, layout_rooms, minmay_hexomino_p4
D:2:      layout_loops_ring, lemuel_doored_altar, uniq_sigmund, uniq_terence,
          uniq_crazy_yiuf_cottage
D:3:      layout_basic, serial_park_tiny_2, feat_on_display, uniq_jessica
D:4:      layout_loops_corners, grunt_temple_overflow_order_and_chaos_2,
          first_ration, serial_shops, shop, eino_tiny_chamber
D:5:      layout_loops_ring, minmay_overflow_temple_hex,
          minmay_temple_entry_junction, serial_shops, shop, shop, shop,
          nicolae_shop_behind_doors, nicolae_ossuary_entry_false_entrances,
          uniq_grinder
D:6:      layout_cave_pools, led_sif_pool
D:7:      layout_basic, kennysheep_mini, dancing_weapons_uskayaw
D:8:      layout_gridville, kennysheep_okawaru_gauntlet,
          nicolae_tso_besieged_by_evil, hangedman_little_slice_of_home,
          minmay_misc_feat_cross
D:9:      layout_stronghold, due_lair_maze_entry_diamond
D:10:     layout_rooms, uniq_grum
D:11:     cheibrodos_barr_body, layout_loops_ring
Temple:   corrupted_temple
Lair:1:   layout_regular_city
Lair:2:   layout_gridlike, serial_bayou, serial_bayou_lake_a,
          serial_bayou_shore_a, serial_bayou_pond_a, serial_bayou_pond_d,
          serial_bayou_lagoon_a, serial_bayou_shore_b,
          infiniplex_staircase_pool_2
Lair:3:   layout_roguey, minmay_shoals_entry_centaurs, grunt_megastairs_4
Lair:4:   layout_long_grid, spider_nest_entry_funnel_web

Skill      XL: |  1  2  3  4  5  6  7  8  9 10 11 12 |
---------------+-------------------------------------+-----
Conjurations   | 1 2 3 4 5 7 8 |  8.0
Air Magic      | 3 4 5 6 8 9 10 11 | 11.4
Fighting       | 1 2 3 4 5 6 7 8 |  8.7
Spellcasting   | 3 4 5 6 7 9 10 11 | 11.3
Dodging        | 7 6 |  7.0
Stealth        | 4 7 |  7.5

Action                   |  1- 3 |  4- 6 |  7- 9 | 10-12 || total
-------------------------+-------+-------+-------+-------++-------
Melee: Unarmed           |     1 |     1 |    20 |       ||    22
       Bite              |       |       |     3 |       ||     3
 Cast: Shock             |    77 |   128 |   116 |    49 ||   370
       Airstrike         |       |     1 |   166 |   482 ||   649
       Lightning Bolt    |       |       |       |     9 ||     9
       Irradiate         |       |       |       |     2 ||     2
       Conjure Ball Ligh |       |       |       |     6 ||     6
Evoke: Wand              |       |       |    10 |     2 ||    12
  Use: Potion            |       |     1 |       |       ||     1
       Scroll            |       |     3 |     1 |     6 ||    10
  Eat: Chunk             |     9 |     6 |    39 |    65 ||   119
Armor: Skin              |       |     1 |     5 |     5 ||    11
Dodge: Dodged            |    13 |    31 |    71 |    86 ||   201

Table legend:
 A = Non-vault XP
 B = Vault XP
 C = Vault XP percentage of total XP
 D = Non-vault monster count
 E = Vault monster count
 F = Vault count percentage of total count
                 A         B        C        D         E       F
            +---------+---------+-------+---------+---------+-------
      Total |   32240 |    6309 |  16.4 |     414 |      56 |  11.9
            +---------+---------+-------+---------+---------+-------
        D:1 |      32 |       4 |  11.1 |      24 |       2 |   7.7
        D:2 |     144 |     290 |  66.8 |      21 |       3 |  12.5
        D:3 |     180 |      37 |  17.1 |      23 |       1 |   4.2
        D:4 |     143 |       0 |   0.0 |      18 |       0 |   0.0
        D:5 |     781 |     267 |  25.5 |      26 |       1 |   3.7
        D:6 |    1333 |       0 |   0.0 |      48 |       0 |   0.0
        D:7 |    1988 |       0 |   0.0 |      37 |       0 |   0.0
        D:8 |    2165 |     187 |   8.0 |      33 |      18 |  35.3
        D:9 |    3605 |    1042 |  22.4 |      48 |       8 |  14.3
       D:10 |    1317 |     425 |  24.4 |      28 |       3 |   9.7
       D:11 |    3380 |    2530 |  42.8 |      27 |      10 |  27.0
     Lair:1 |    2000 |       0 |   0.0 |      12 |       0 |   0.0
     Lair:2 |    3652 |       0 |   0.0 |      14 |       0 |   0.0
     Lair:3 |    6195 |     327 |   5.0 |      28 |       3 |   9.7
     Lair:4 |    5325 |    1115 |  17.3 |      27 |       2 |   6.9
    Ossuary |       0 |      85 | 100.0 |       0 |       5 | 100.0
            +---------+---------+-------+---------+---------+-------
